 Dungeon Crawl Stone Soup version 0.29.0-11-gd7f09526c8 (webtiles) character file.

Game seed: 13998356372904827646

247 smilodon the Covered (level 5, -1/41 HPs)
             Began as a Demonspawn Fighter on Sept 2, 2022.
             Was a Believer of Cheibriados.
             Asphyxiated
             ... on level 5 of the Dungeon.
             The game lasted 00:09:39 (4306 turns).

smilodon the Covered (Demonspawn Fighter)           Turns: 4306, Time: 00:09:39

Health: -1/41      AC: 12    Str: 24 (25) XL:     5   Next: 85%
Magic:  3/5        EV:  8    Int: 15      God:    Cheibriados [**....]
Gold:   150        SH: 13    Dex: 17 (18) Spells: 4/4 levels left

rFire   . . .      SeeInvis .   a - +0 rapier
rCold   . . .      Faith    .   d - +3 warlock's mirror {reflect}
rNeg    . . .      Spirit   .   l - +0 chain mail
rPois   .          Reflect  +   (no helmet)
rElec   .          Harm     .   (no cloak)
rCorr   .          Rampage  .   m - +0 pair of gloves
Will    .....                   (no boots)
Stlth   ..........              k - amulet of reflection
HPRegen 0.13/turn               (no ring)
MPRegen 0.09/turn               (no ring)

@: lethally poisoned (-1 -> -19), slowed, very slow
A: claws 1, molten scales 1
a: Renounce Religion, Bend Time


You were on level 5 of the Dungeon.
You worshipped Cheibriados.
Cheibriados was pleased with you.
You visited 1 branch of the dungeon, and saw 5 of its levels.

You collected 150 gold pieces.

Inventory:

Hand Weapons
 a - a +0 rapier (weapon)
 g - a +4 spear
 i - the +4 dagger "Ofiacsa" {drain, Fragile Will++ rCorr}
   (You found it on level 4 of the Dungeon)

   A truly terrible weapon, it drains the life of any living foe it strikes.
   rCorr:     It protects you from acid and corrosion.
   Fragile:   It will be destroyed if unequipped.
   Will:      It greatly increases your willpower.
 o - a +2 sling of freezing
Missiles
 q - 28 stones
 s - a throwing net (quivered)
Armour
 b - a +0 scale mail
 c - a +0 buckler
 d - the +3 warlock's mirror (worn) {reflect}
   (You acquired it on level 3 of the Dungeon)

   It can block and reflect piercing ranged attacks and magical attacks against
   the wielder's willpower.
 l - a +0 chain mail (worn)
 m - a +0 pair of gloves (worn)
Jewellery
 k - an amulet of reflection (around neck)
Scrolls
 n - a scroll of noise
 p - a scroll of magic mapping
 t - a scroll of identify
Potions
 e - 2 potions of brilliance
 f - 4 potions of resistance


   Skills:
 + Level 3.3 Fighting
 - Level 3.3 Short Blades
 * Level 1.4 Ranged Weapons
 + Level 3.7 Armour
 + Level 1.0 Dodging
 + Level 0.7 Stealth
 + Level 3.3 Shields
 * Level 0.7 Unarmed Combat


You had 4 spell levels left.
You didn't know any spells.
Your spell library contained the following spells:

 Spells                   Type           Power      Damage    Failure   Level
 Blink                    Tloc           0%         N/A       98%         2
 Lesser Beckoning         Tloc           0%         N/A       100%        3
 Manifold Assault         Tloc           0%         N/A       100%        5


Dungeon Overview and Level Annotations

Branches:
Dungeon (5/15)
 Temple: D:4-7

Altars:
Cheibriados

Shops:
D:2 ?((   D:4 !(!:!=?


Innate Abilities, Weirdness & Mutations

You have sharp fingernails.
You are partially covered in molten scales. (AC +2)


Message History

You feel extremely sick.
The kobold brigand hits you but does no damage.
You block the kobold brigand's attack.
You hit the kobold brigand but do no damage.
* * * LOW HITPOINT WARNING * * *
You feel very sick.
The kobold brigand hits you but does no damage.
Okay, then.
You feel better. You block the kobold brigand's attack.
The kobold brigand barely misses you.
You closely miss the kobold brigand. You block the kobold brigand's attack.
The kobold brigand hits you but does no damage.
The flow of time bends around you.
The kobold brigand resists with some effort.
The kobold brigand hits you with a +0 whip.
* * * LOW HITPOINT WARNING * * *
Okay, then.
Okay, then.
You barely miss the kobold brigand. The kobold brigand closely misses you.
The kobold brigand hits you with a +0 whip.
* * * LOW HITPOINT WARNING * * *
Throw: 2 throwing nets
Press: ? - help, Q - select action, (/) - cycle Shift-Dir - straight line, f - kobold brigand
Aim: a kobold brigand, wielding a +0 whip and quivering curare-tipped darts (53% to hit)
You throw a throwing net.
The throwing net hits the kobold brigand.
The kobold brigand is caught in the net!
The kobold brigand struggles against the net. x2
The kobold brigand struggles against the net. x2
The kobold brigand struggles against the net. x2
The net rips apart, and the kobold brigand comes free!
The kobold brigand throws a curare-tipped dart.
You reflect the curare-tipped dart off your +3 warlock's mirror {reflect}!
The curare-tipped dart barely misses the kobold brigand.
There is an open door here.
The kobold brigand throws a curare-tipped dart.
The curare-tipped dart hits you.
You are lethally poisoned!
You have difficulty breathing.
You die...

.......#.........#.....
..)...#....##...##....
###
#....#....#######....
#..##....#....#
.......<.
#........#....#
.........
#.....†.)'....#
.........
#..##.K.##..>.#
........# #.
###'##....# ........#
.. #...@.....#
...##...# $.
#..######## ### #...#
.. #.. #...# # #...
##.# #).. #... #...


You could see a kobold brigand.

Vanquished Creatures
  A centaur (D:5)
  A hound (D:5)
  3 adders
  6 worms (D:2)
  3 dart slugs
  6 orcs
  9 ball pythons
  6 bats
  4 endoplasms
  3 giant cockroaches
  5 goblins
  4 hobgoblins
  11 jackals
  2 quokkas
  2 frilled lizards
  7 kobolds
  2 rats (D:2)
75 creatures vanquished.

Notes
Turn   | Place    | Note
-------+----------+-------------------------------------------
     0 | D:1      | smilodon the Demonspawn Fighter began the quest for the
                  | Orb.
     0 | D:1      | Reached XP level 1. HP: 18/18 MP: 1/1
   327 | D:1      | Gained mutation: You are partially covered in molten
                  | scales. (AC +2) [demonic ancestry]
   327 | D:1      | Reached XP level 2. HP: 24/24 MP: 2/2
   610 | D:1      | Found a faded altar of an unknown god.
   736 | D:1      | Prayed at the altar of an unknown god.
   736 | D:1      | Became a worshipper of Cheibriados the Contemplative
   736 | D:1      | Reached * piety under Cheibriados
   823 | D:2      | Reached XP level 3. HP: 29/29 MP: 3/3
   897 | D:2      | Found Danit's Antique Weapon Emporium.
   908 | D:2      | Found Riffyl's Antique Weapon Shoppe.
  1379 | D:2      | Found Bouklix's Magic Scroll Emporium.
  1396 | D:2      | Reached XP level 4. HP: 22/35 MP: 4/4
  1542 | D:2      | Reached ** piety under Cheibriados
  3026 | D:3      | Identified a scroll of acquirement
  3026 | D:3      | Acquired the +3 warlock's mirror {reflect}
  3026 | D:3      | Found the +3 warlock's mirror {reflect}
  3179 | D:4      | Found Nomuna Utzo's Distillery.
  3214 | D:4      | Found Byojugh's Weapon Emporium.
  3256 | D:4      | Found Tyan's Distillery.
  3330 | D:4      | Identified the +4 dagger "Ofiacsa" {drain, Fragile Will++
                  | rCorr}
  3693 | D:4      | Found Heheqote's Book Shoppe.
  3695 | D:4      | Found Rolidd's Distillery.
  3696 | D:4      | Found Dobb's Jewellery Shop.
  3696 | D:4      | Found Wacw's Magic Scroll Shoppe.
  3819 | D:5      | Entered Level 5 of the Dungeon
  3826 | D:5      | Reached skill level 1 in Dodging
  3826 | D:5      | Gained mutation: You have sharp fingernails. [demonic
                  | ancestry]
  3826 | D:5      | Reached XP level 5. HP: 41/41 MP: 5/5
  4251 | D:5      | Noticed a centaur
  4254 | D:5      | Killed a centaur
  4255 | D:5      | Reached skill level 1 in Ranged Weapons
  4306 | D:5      | Asphyxiated

Illustrated notes

Levels and vault maps discovered:
D:1:      dpeg_arrival_radiant, layout_basic, hellmonk_ecumenical_altar_blasted,
          minmay_misc_feat_square
D:2:      layout_rooms, serial_shops, nicolae_square_shop,
          nicolae_shop_behind_doors, shop
D:3:      layout_basic
D:4:      layout_basic, serial_shops, nicolae_shop_behind_doors,
          nicolae_shop_stone, nicolae_shop_bloodbath_and_beyond,
          nicolae_wooded_promenade
D:5:      layout_gridville, nicolae_overflow_hallway_of_the_gods,
          serial_co_window_serial, co_window_corner_a, co_window_paths_b,
          co_window_paths_b, co_window_corner_a, co_window_paths_b,
          co_window_broadway_c, co_window_of_opportunity_b,
          co_window_broadway_a, co_window_broadway_c, co_window_paths_d,
          glass_columns_a, glass_columns_a, glass_columns_a,
          minmay_strange_pillars, uniq_grinder, uniq_edmund

Skill      XL: |  1  2  3  4  5 |
---------------+----------------+-----
Short Blades   | 2 3 |  3.3
Armour         | 3 |  3.7
Shields        | 3 |  3.3
Dodging        | 1 |  1.0
Ranged Weapons | 1 |  1.4
Fighting       | |  3.3
Stealth        | |  0.7
Unarmed Combat | |  0.7

Action                   |  1- 3 |  4- 6 || total
-------------------------+-------+-------++-------
Melee: Rapier            |   147 |   153 ||   300
 Fire: Sling             |       |    14 ||    14
Throw: Throwing net      |       |     1 ||     1
Invok: Bend Time         |       |     2 ||     2
  Use: Potion            |     1 |     7 ||     8
       Scroll            |       |     9 ||     9
Armor: Scale mail        |    93 |    42 ||   135
       Chain mail        |       |    25 ||    25
Dodge: Dodged            |    60 |    67 ||   127
Block: Buckler           |    30 |    81 ||   111
       Reflection        |       |    14 ||    14
